 Dungeon Crawl Stone Soup version 0.16.2-2-g470672f (webtiles) character file.

637 tognito the Skirmisher (level 7, -6/64 HPs)
             Began as a Minotaur Berserker on Aug 24, 2015.
             Was a High Priest of Trog.
             Killed from afar by Sigmund (9 damage)
             ... with a magic dart
             ... on level 5 of the Dungeon on Sept 2, 2015.
             The game lasted 00:14:46 (5264 turns).

tognito the Skirmisher (Minotaur Berserker)         Turns: 5264, Time: 00:14:46

Health: -6/64      AC: 11    Str: 29    XL:     7   Next: 25%
Magic:  3/3        EV: 10    Int:  4    God:    Trog [*****.]
Gold:   181        SH:  0    Dex:  9    Spells: 0 memorised, 6 levels left

rFire  . . .     SeeInvis .     a - +0 hand axe
rCold  . . .     Clarity  .     l - +0 chain mail
rNeg   . . .     SustAb   .     (no shield)
rPois  .         Gourm    .     (helmet restricted)
rElec  .         Spirit   .     t - +0 cloak
rCorr  .         Warding  .     (no gloves)
rMut   .         Stasis   .     (no boots)
MR     .....                    (no amulet)
Stlth  ..........               (no ring)
                                (no ring)

@: confused, mighty, not resistant to hostile enchantments, extremely unstealthy
A: retaliatory headbutt, horns 2
a: Burn Spellbooks, Berserk, Trog's Hand, Brothers in Arms, Renounce Religion


You were on level 5 of the Dungeon.
You worshipped Trog.
Trog was extremely pleased with you.
You were not hungry.

You visited 1 branch of the dungeon, and saw 5 of its levels.

You collected 181 gold pieces.

Inventory:

Hand weapons
 a - a +0 hand axe (weapon)
 b - a +0 hunting sling
Missiles
 h - 47 bolts
 p - 11 arrows of frost
 s - 19 arrows
Armour
 l - a +0 chain mail (worn)
 m - a +0 animal skin
 t - a +0 cloak (worn)
Scrolls
 e - 2 scrolls of enchant armour {unknown}
 f - a scroll of blinking {unknown}
 g - 2 scrolls of remove curse {unknown}
 k - 6 scrolls of identify {unknown}
 n - a scroll of fear {unknown}
 r - a scroll of magic mapping {unknown}
 v - 2 scrolls of amnesia {unknown}
Potions
 u - a potion of might
Comestibles
 c - 4 bread rations
 d - 3 meat rations
 i - 2 beef jerkies
 o - a royal jelly
 q - 3 fruits
 w - a slice of pizza


   Skills:
 * Level 6.6 Fighting
 * Level 6.1 Axes
 + Level 5.0 Armour
 + Level 3.8 Dodging
 + Level 0.5 Stealth


You had 6 spell levels left.
You didn't know any spells.

Dungeon Overview and Level Annotations

Branches:
Dungeon (5/15)             Temple (0/1) D:4

Altars:
Gozag
Okawaru

Annotations:
D:5 Sigmund


Innate Abilities, Weirdness & Mutations

You reflexively headbutt those who attack you in melee.
You have a pair of horns on your head.


Message History

You slice the orc!!
You kill the orc!
Trog accepts your kill. Something hits you but does no damage.
You completely miss something. You headbutt something.
The orc closely misses you. Something completely misses you.
The orc misses you.
Things that are here:
a scythe; a robe You're too confused to move!
You hear a zap.
You are more confused.
Things that are here:
a scythe; a robe You bump into the rock wall.
Sigmund appears from thin air!
Reactivating autopickup.
The orc barely misses you. Sigmund casts a spell at you.
The magic dart hits you!
You die...

.# #.# #. #.###### #.#
#.##...## #.###### #.#.###.##
#......######...# ##.##
##..###...##....# ##.##
###..## #...#.....# ##.#
#####....## ##'##.....## ##..
..........###@))#......####...
########[...#o@.#..##.......##
###..#####...##..######
#####....###....### ##
##......### ##...## ##.
#......### ##...# ##.#
#..###....#### #..)####.## .
##......###...>#...#
######..........)##


You could see Sigmund and an orc.

Vanquished Creatures
  2 ogres
  A giant frog (D:5)
  Crazy Yiuf (D:3)
  An orc wizard (D:5)
  A hound (D:4)
  5 worker ants (D:4)
  Ijyb (D:2)
  A gnoll (D:1)
  2 adders (D:2)
  2 worms (D:4)
  3 giant geckos
  2 oozes
  13 orcs
  13 bats
  9 hobgoblins
  A quokka (D:2)
  2 ball pythons (D:1)
  7 giant newts
  14 goblins
  7 jackals
  11 kobolds
  14 rats
113 creatures vanquished.

Notes
Turn   | Place    | Note
--------------------------------------------------------------
     0 | D:1      | tognito, the Minotaur Berserker, began the quest for the Orb.
     0 | D:1      | Reached XP level 1. HP: 19/19 MP: 1/1
   198 | D:1      | Reached XP level 2. HP: 21/27 MP: 1/1
   332 | D:1      | Reached skill level 4 in Fighting
   439 | D:1      | Acquired Trog's second power
   506 | D:1      | HP: 1/27 [gnoll (2)]
   919 | D:1      | Reached XP level 3. HP: 34/34 MP: 2/2
  1154 | D:2      | Noticed Ijyb
  1185 | D:2      | Killed Ijyb
  1406 | D:2      | Reached skill level 5 in Fighting
  1547 | D:2      | Reached XP level 4. HP: 19/42 MP: 2/2
  2137 | D:2      | Found an opulent altar of Gozag.
  2944 | D:3      | Noticed Crazy Yiuf
  2951 | D:3      | Paralysed by Crazy Yiuf for 2 turns
  2962 | D:3      | Killed Crazy Yiuf
  2962 | D:3      | Reached XP level 5. HP: 13/48 MP: 2/2
  3364 | D:3      | Found an iron altar of Okawaru.
  3377 | D:3      | Acquired Trog's third power
  3683 | D:4      | Reached skill level 5 in Axes
  3961 | D:4      | Noticed an ogre
  3968 | D:4      | Killed an ogre
  3968 | D:4      | Reached XP level 6. HP: 50/57 MP: 3/3
  4033 | D:4      | Found a staircase to the Ecumenical Temple.
  4140 | D:4      | Reached skill level 6 in Fighting
  4942 | D:5      | Entered Level 5 of the Dungeon
  4953 | D:5      | Reached XP level 7. HP: 32/64 MP: 3/3
  5240 | D:5      | Noticed Sigmund
  5243 | D:5      | Reached skill level 5 in Armour
  5256 | D:5      | HP: 3/64 [orc/scythe (1)]
  5264 | D:5      | Killed from afar by Sigmund

Action                   |  1- 3 |  4- 6 |  7- 9 || total
-------------------------+-------+-------+-------++-------
Melee: Hand axe          |   108 |   149 |    34 ||   291
Invok: Berserk           |       |     2 |       ||     2
       Burn Spellbooks   |       |     1 |       ||     1
  Use: Potion            |     3 |     4 |     2 ||     9
  Eat: Chunk             |     2 |    12 |     2 ||    16
